Match 46088330
Unlisted

Match 46088330
End
Pioneer Squad
Construct Infanterie Kompanie
MG 42 Machine Gun Team
Grenadier Squad
Grenadier Squad
Grenadier Squad
Construct Luftwaffe Kompanie
221 Scout Car
Medical Bunker
Construct Panzer Kompanie
Panzer IV Medium Tank
Selects Breakthrough Battlegroup
Selects Rapid Production
Selects Blitzkrieg
Stoßtruppen Squad
Panzer IV Medium Tank
Repair Bunker
Selects Tiger Heavy Tank
Selects Assault Grenadiers
Selects Smoke Bombing Run
Smoke Bombing Run
T.R. Olvadi
Nico-Nico-Nii~~
Enkuiry
Epouvente
0
0

Comments sign in to comment!

No comments posted yet!